Cogmind - Beta 15 @@@ ROGUE MODE // 2025.08.24 @ 14:45:58 Player: NQH Result: Destroyed by S-10 Pest with Light Assault Rifle Performance ------------- Evolutions (1) 500 Regions Visited (3) 600 Robots Destroyed (20) 100 Value Destroyed (370) 370 Prototype IDs (0) 0 Alien Tech Used (0) 0 Bonus (0) 0 TOTAL SCORE: 1570 Bonus ------- None Cogmind --------- Core Integrity 0/400 Matter 240/300 Energy 100/100 System Corruption 0% Temperature Cool (0) Movement Core (150) Ox2 Location -9/Mines Parts ------- > --- POWER (1) -------- (None) > --- PROPULSION (2) --- (None) > --- UTILITY (4) ------ Small Storage Unit > --- WEAPON (2) ------- Scythe > --- INVENTORY (8) ---- Hover Unit Hover Unit Grenade Launcher Datajack Scythe Scythe Scythe Peak State ------------ > --- POWER ------------ Light Nuclear Core > --- PROPULSION ------- Armored Wheel Armored Wheel > --- UTILITY ---------- Small Storage Unit High-capacity Matter Pod Improved Targeting Computer > --- WEAPON ----------- Scythe > --- INVENTORY -------- Armored Wheel Armored Wheel Grenade Launcher Datajack Scythe Scythe Scythe [Rating: 15] Favorites ----------- Power Ion Engine Engine Ion Engine Power Core Light Nuclear Core Propulsion Armored Wheel Leg Aluminum Leg Wheel Armored Wheel Hover Unit Hover Unit Utility High-capacity Matter Pod Storage High-capacity Matter Pod Processor Improved Targeting Computer Weapon Datajack Ballistic Gun Light Assault Rifle Launcher Grenade Launcher Slashing Weapon Mining Claw Special Melee Weapon Datajack Build | -11 -10 -9 -9 ------- Run | Yrd Mat Mat Min Slots Evolved 2 | . . 2 . Power . | . . . . Propulsion . | . . . . Utility 2 | . . 2 . Weapon . | . . . . Parts Attached 20 | . 7 13 . Power 3 | . 2 1 . Engine 2 | . 2 . . Core 1 | . . 1 . Reactor . | . . . . Propulsion 8 | . 2 6 . Treads . | . . . . Leg 1 | . 1 . . Wheel 2 | . . 2 . Hover 5 | . 1 4 . Flight . | . . . . Utility 3 | . . 3 . Device . | . . . . Storage 2 | . . 2 . Processor 1 | . . 1 . Hackware . | . . . . Protection . | . . . . Artifact . | . . . . Weapon 6 | . 3 3 . Energy Gun . | . . . . Energy Cannon . | . . . . Ballistic Gun 1 | . 1 . . Ballistic Cannon . | . . . . Launcher 1 | . 1 . . Special Weapon . | . . . . Impact Weapon . | . . . . Slashing Weapon 2 | . . 2 . Piercing Weapon . | . . . . Special Melee Weapon 2 | . 1 1 . Unidentified Prototypes . | . . . . Parts Lost 9 | . . 7 2 Power 3 | . . 3 . Propulsion 4 | . . 2 2 Utility 1 | . . 1 . Weapon 1 | . . 1 . Highest Loss Streak 7 | . . 5 7 To Critical Strikes . | . . . . Average Backups 4 | . 1 5 7 Power 1 | . . 1 . Propulsion 1 | . . 1 2 Utility . | . . . . Weapon 1 | . . 1 4 Tool/Special . | . . . . Unused Backups 5 | . . 2 3 Power . | . . . . Propulsion 2 | . . 2 . Utility . | . . . . Weapon 3 | . . . 3 Tool/Special . | . . . . Average Slot Usage (%) 49 | . 20 58 38 Engine 6 | . 4 7 . Wheel 8 | . . 12 . Hover 6 | . 4 6 16 Storage 6 | . . 8 11 Processor 3 | . . 4 . Ballistic Gun 4 | . 2 5 . Launcher 1 | . 5 . . Slashing Weapon 5 | . . 6 11 Special Melee Weapon 6 | . 1 7 . Peak Build Rating 15 | . 4 15 7 Average Rating 5 | . 1 7 6 On Entrance 2 | . . 4 7 Naked Turns 61 | . 61 . . Heaviest Build 17 | . 8 17 7 Greatest Support 24 | 3 10 24 12 Greatest Overweight (x) 5 | . 2 5 . Average Overweight (x) . | . . . . Largest Inventory Capacity 8 | 5 5 8 8 Average Capacity 5 | 5 5 5 8 Most Carried 8 | . 4 8 7 Average Carried 4 | . 1 5 7 Final Capacity 8 | 5 5 8 8 Final Carried 7 | . 4 7 7 Class Distribution -------------------- 100% | Mutant Dominant Class ---------------- Mutant | -10/Materials Mutant | -9/Materials Mutant | -9/Mines Resources | -11 -10 -9 -9 ----------- Run | Yrd Mat Mat Min Matter Collected 458 | 184 80 194 . Remotely . | . . . . Salvage Created 466 | . 230 225 11 Parts 35 | . 18 14 3 Haulers Intercepted . | . . . . Recyclers Shooed 1 | . 1 . . Parts Field Recycled . | . . . . Retrieved Matter . | . . . . Parts Self-Destructed . | . . . . Prevented . | . . . . Kills | -11 -10 -9 -9 ------- Run | Yrd Mat Mat Min Combat Hostiles Destroyed 13 | . 7 5 1 Melee 5 | . . 4 1 AOE 8 | . 7 1 . Classes Destroyed 7 | . 6 1 . Worker 2 | . 2 . . Builder 1 | . 1 . . Recycler 2 | . 1 1 . Watcher 2 | . 1 1 . Swarmer 7 | . 3 3 1 Grunt 4 | . 4 . . Sentry 2 | . . 2 . Best Kill Streak 7 | . 7 3 1 Combat Bots Only 4 | . 4 3 1 Max Kills in Single Turn 4 | . 4 1 1 Gunslinging . | . . . . Exploded 2 | . 2 1 . Melee 1 | . . 1 1 Uniques/NPCs Destroyed . | . . . . Combat | -11 -10 -9 -9 -------- Run | Yrd Mat Mat Min Hostile Shots Fired 109 | . 4 82 23 Missed 27 | . 2 20 5 Hits 82 | . 2 62 18 Melee 6 | . . 6 . Projectile 76 | . 2 56 18 Critical Strikes 2 | . . 2 . Damage Taken 990 | . 24 818 148 Core 411 | . 10 329 72 Absorbed by Shields . | . . . . Core Remaining (%) 98 | 100 96 . . Volleys Fired 10 | . 7 3 . Largest 2 | . 1 2 . Hottest 50 | . 30 50 . Shots Fired 12 | . 7 5 . Gun 3 | . . 3 . Cannon . | . . . . Launcher 9 | . 7 2 . Special . | . . . . Kinetic 3 | . . 3 . Thermal . | . . . . Explosive 9 | . 7 2 . Electromagnetic . | . . . . Robot Hit Streak 4 | . 4 2 . Robot Miss Streak 1 | . 1 1 . Penetration Max . | . . . . Secondary Targets . | . . . . Shots Hit Robots 48 | . 5 40 3 Core Hits 26 | . 17 8 1 Critical Kills . | . . . . Critical Parts Destroyed . | . . . . Critical Strikes 1 | . . 1 . Sever 1 | . . 1 . Melee Attacks 52 | . . 48 4 Impact . | . . . . Slashing 25 | . . 21 4 Piercing . | . . . . Sneak Attacks 22 | . . 22 . Combat Hostiles . | . . . . Follow-up Attacks . | . . . . Damage Inflicted 1023 | . 523 407 93 Guns 9 | . . 9 . Cannons . | . . . . Explosions 585 | . 523 62 . Melee 429 | . . 336 93 Ramming . | . . . . Kinetic 9 | . . 9 . Thermal . | . . . . Explosive 585 | . 523 62 . Electromagnetic . | . . . . Impact . | . . . . Slashing 429 | . . 336 93 Piercing . | . . . . Highest Corruption . | . . . . Average Corruption . | . . . . Corruption Purged . | . . . . Corruption Blocked . | . . . . Overload Shots . | . . . . Overflow Damage 16 | . . 6 10 Projectiles . | . . . . Explosions . | . . . . Melee 16 | . . 6 10 Knockbacks . | . . . . Impact . | . . . . Kinetic . | . . . . Secondary . | . . . . Self-Inflicted Damage 4 | . 4 . . Shots 1 | . 1 . . Rammed . | . . . . Targets Rammed . | . . . . Kicked . | . . . . Crushed . | . . . . Highest Temperature 17 | . 17 1 . Average Temperature 8 | . 12 1 . Received Heat Transfer 198 | . 12 186 . Siege Activations . | . . . . Martial Activations . | . . . . Shielding Activations . | . . . . Robots Disrupted . | . . . . Combat Hostiles . | . . . . Robots Corrupted . | . . . . Combat Hostiles . | . . . . Parts Fried . | . . . . Impact Corruptions . | . . . . Robots Melted . | . . . . Combat Hostiles . | . . . . Parts Melted . | . . . . Heat Transferred . | . . . . Parts Sabotaged . | . . . . Parts Stolen . | . . . . Parts Stripped . | . . . . Power Chain Reactions . | . . . . Alert | -11 -10 -9 -9 ------- Run | Yrd Mat Mat Min Maximum Alert Level 1 | . 1 . . Low Security (%) 98 | 100 94 100 100 Level 1 1 | . 5 . . Level 2 . | . . . . Level 3 . | . . . . Level 4 . | . . . . Level 5 . | . . . . High Security . | . . . . Max Security . | . . . . Peak Influence 203 | . 203 122 20 Initial 76 | . . 76 . Average 58 | . 80 56 5 Influence Increases 435 | . 227 188 20 Destroy 0b10 Robot/C 260 | . 140 100 20 Destroy 0b10 Robot/NC 35 | . 25 10 . Destroy Leader 54 | . 22 32 . Successful Hack 4 | . 4 . . Disable Machine 15 | . . 15 . Destroy Structure 52 | . 36 16 . Partial Spotted 15 | . . 15 . Influence Decreases 435 | . 44 371 20 Entered New Map 107 | . . 107 . Time Decay 252 | . 44 208 . Lost Part 76 | . . 56 20 Squads Dispatched 1 | . 1 . . Investigation . | . . . . Extermination . | . . . . Reinforcement 1 | . 1 . . Assault . | . . . . Garrison . | . . . . Intercept . | . . . . Searches Triggered . | . . . . Construction Impeded . | . . . . Haulers Reinforced . | . . . . Active Scanning Responses . | . . . . Cargo Convoy Interrupts . | . . . . Stealth | -11 -10 -9 -9 --------- Run | Yrd Mat Mat Min Distress Signals 1 | . 1 . . Communications Jammed . | . . . . Distress Signals . | . . . . Times Spotted 25 | . 10 11 4 Peak Tracking Total 5 | . 5 5 4 Tactical Retreats . | . . . . Traps | -11 -10 -9 -9 ------- Run | Yrd Mat Mat Min Traps Triggered . | . . . . Indirectly . | . . . . Trap Hack Attempts . | . . . . Triggered . | . . . . Disarmed . | . . . . Reprogrammed . | . . . . Reused . | . . . . Traps Extracted . | . . . . Installed . | . . . . Triggered . | . . . . Machines | -11 -10 -9 -9 ---------- Run | Yrd Mat Mat Min Machines Disabled 1 | . . 1 . Max in Single Turn 1 | . . 1 . Machines Repaired . | . . . . Machines Dismantled . | . . . . Machines Sabotaged . | . . . . Overloaded Fab Kills . | . . . . Hacking | -11 -10 -9 -9 --------- Run | Yrd Mat Mat Min Machines Accessed 1 | . 1 . . Terminals 1 | . 1 . . Fabricators . | . . . . Repair Stations . | . . . . Recycling Units . | . . . . Scanalyzers . | . . . . Garrison Access . | . . . . Total Hacks 2 | . 2 . . Successful 1 | . 1 . . Failed 1 | . 1 . . Catastrophic . | . . . . Database Lockouts . | . . . . Manual . | . . . . Terminals 2 | . 2 . . Fabricators . | . . . . Repair Stations . | . . . . Recycling Units . | . . . . Scanalyzers . | . . . . Garrison Access . | . . . . Terminal Hacks 1 | . 1 . . Robot Analysis 1 | . 1 . . Fabricator Hacks . | . . . . Repair Station Hacks . | . . . . Recycling Unit Hacks . | . . . . Scanalyzer . | . . . . Garrison Access Hacks . | . . . . Unauthorized Hacks . | . . . . Terminals . | . . . . Fabricators . | . . . . Repair Stations . | . . . . Recycling Units . | . . . . Scanalyzers . | . . . . Garrison Access . | . . . . Data Cores Recovered . | . . . . Used . | . . . . Hacking Detections . | . . . . Full Trace Events . | . . . . Feedback Events . | . . . . Feedback Blocked . | . . . . Robot Schematics Acquired . | . . . . Robots Built . | . . . . Authchips . | . . . . Time . | . . . . Total Robot Build Rating . | . . . . Part Schematics Acquired . | . . . . Parts Built . | . . . . Authchips . | . . . . Time . | . . . . Total Part Build Rating . | . . . . Parts Repaired . | . . . . Time . | . . . . Parts Recycled . | . . . . Recycled Matter . | . . . . Retrieved Matter . | . . . . Retrieved Components . | . . . . Parts Scanalyzed . | . . . . Part Schematics Acquired . | . . . . Parts Damaged . | . . . . Bothacking | -11 -10 -9 -9 ------------ Run | Yrd Mat Mat Min Used RIF Installer . | . . . . Robots Hacked 10 | . . 10 . Non-combat 10 | . . 10 . Combat . | . . . . Robot Hacks Applied 16 | . . 16 . parse_system 2 | . . 2 . no_distress 13 | . . 13 . find_recycling 1 | . . 1 . Relay Couplers Released . | . . . . Fabnet Peak Effective % . | . . . . Robots Rewired . | . . . . Allies Hacked . | . . . . Hacks Repelled . | . . . . Allies | -11 -10 -9 -9 -------- Run | Yrd Mat Mat Min Total Allies . | . . . . Largest Group . | . . . . Highest-Rated Group . | . . . . Highest-Rated Ally . | . . . . Total Orders . | . . . . Ally Attacks . | . . . . Total Damage . | . . . . Kills . | . . . . Allies Corrupted . | . . . . Allies Melted . | . . . . Intel | -11 -10 -9 -9 ------- Run | Yrd Mat Mat Min Active Infowar (turns) . | . . . . Robot Analysis Total 1 | . 1 . . Derelict Logs Recovered . | . . . . Drone Launches . | . . . . Drone Recoveries . | . . . . Exploration | -11 -10 -9 -9 ------------- Run | Yrd Mat Mat Min Turns Passed 672 | 25 152 483 12 Spaces Moved 723 | 51 220 449 3 Core 226 | 51 138 37 . Treads . | . . . . Legs 6 | . 6 . . Wheels 210 | . . 210 . Hover 281 | . 76 202 3 Flight . | . . . . Fastest Speed 50 | 50 50 50 56 Average Speed 67 | 50 56 74 56 Slowest Speed 300 | 50 150 300 56 Overloaded Moves . | . . . . Propulsion Burnouts . | . . . . Robots Hopped . | . . . . Potential Cave-ins . | . . . . Cave-ins Triggered . | . . . . Exploration Rate (%) 18 | 2 38 26 6 Regions Visited 3 Branch Regions 1 Pre-discovered Areas . | . . . . Known Exits Taken . | . . . . Unknown Exits Taken 3 | 1 1 1 . Scrap Searched . | . . . . Spaces Dug . | . . . . Terrain Destroyed 48 | . 34 14 . Melee . | . . . . Projectile . | . . . . AOE 48 | . 34 14 . Terrain Rammed . | . . . . Walls Destroyed . | . . . . Machines Disabled . | . . . . Actions | -11 -10 -9 -9 --------- Run | Yrd Mat Mat Min Total 837 | 50 239 541 7 Wait 1 | . 1 . . Move 720 | 50 219 448 3 Hop . | . . . . Pick Up 12 | . 2 10 . Fast Attach 16 | . 6 10 . Attach 4 | . 1 3 . Detach 5 | . 3 2 . Swap 7 | . . 7 . Drop 10 | . . 10 . Fire 10 | . 7 3 . Melee 52 | . . 48 4 Ram . | . . . . Kick . | . . . . Crush . | . . . . Escape Stasis . | . . . . Rewire . | . . . . Trap . | . . . . Miscellaneous . | . . . . Route ------- -11/Scrapyard -10/Materials -9/Materials (discovered 2 exits: [*Min] / [*Sto]) -9/Mines History --------- Turn | Location | Event 3 | -11/Scrapyard | Discovered new exit (range 15) 26 | -11/Scrapyard | Entered Materials 172 | -10/Materials | Discovered new exit (range 11) 178 | -10/Materials | Entered another Materials area 178 | -9/Materials | Evolved 2 slots: Utility x2 239 | -9/Materials | Discovered new exit (range 9) 315 | -9/Materials | Build established: Mutant 623 | -9/Materials | Discovered new exit (range 13) 640 | -9/Materials | Core integrity fell below 50% 658 | -9/Materials | Core integrity fell below 20% 661 | -9/Materials | Entered Mines 673 | -9/Mines | Destroyed by S-10 Pest with Light Assault Rifle Last Messages --------------- 00642_ Arm. Wheel destroyed. 00643_ Hcp. Matter Pod severed. 00644_ Lgt. Nuclear Core destroyed. 00647_ Acquired Hover Unit. 00651_ R-06 Scavenger collects Imp. Aluminum Leg. 00652_ Acquired Hover Unit. 00654_ Dropped Arm. Wheel. 00655_ R-06 Scavenger collects Hcp. Matter Pod. 00656_ Nuclear Reactor explodes. 00656_ K-01 Serf destroyed. 00656_ Acquired Hover Unit. 00658_ R-06 Scavenger collects Arm. Wheel. 00660_ Hover Unit destroyed. LOCATION=UNKNOWN GOAL=ESCAPE Something is scanning the area. 00666_ S-10 Pest destroyed. 00667_ Hover Unit destroyed. 00671_ Destroyed Flight Unit. 00672_ Hover Unit destroyed. Map ----- +----------------------------------------------------+ | ??????????????????????????????????????????????? | | ??????????????????????????????????????????????? | | ??????????????????????????????????????????????? | | ??????????????????????????????????????????????? | | ??????????????????????????????????????????????? | | ??????????????????????????????????????????????? | | ??????????????????????????????????????????????? | | ??????????????????????????????????????????????? | | ??????????????????????????????????????????????? | | ??????????????????????????????????????????????? | | ??????????????????????????????????????????????? | | ??????????????????????????????????????????????? | | ??????????????????????????????????????????????? | | ??????????????????????????????????????????????? | | ??????????????????????????????????????????????? | | ??????????????????????????????????????????????? | | ???????????????????????###????????????????????? | | ??????????????????????? #????????????????????? | | ??????????????????????? #????????????????????? | | ??????????????????????? #????????????????????? | | ??????????????????????# #????????????????????? | | ????????????????????### ####?????????????????? | | ????????????????????# #?????????????????? | | ????????????????????# s""" ##????????????????? | | ????????????????????#s%*""" T#????????????????? | | ????????????????????# @ """ #?????????????????? | | ????????????????????# #?????????????????? | | ????????????????????# #?????????????????? | | ????????????????????# s #?????????????????? | | ????????????????????# #?????????????????? | | ????????????????????# #?????????????????? | | ????????????????????# #?????????????????? | | ????????????????????# ????????????????? | | ????????????????????# ###???????????????? | | ????????????????????## #####?????????????????? | | ?????????????????????# #?????????????????????? | | ?????????????????????# #?????????????????????? | | ????????????????????? #?????????????????????? | | ????????????????????? #?????????????????????? | | ????????????????????? ?????????????????????? | | ????????????????????? ?????????????????????? | | ????????????????????? ##?????????????????????? | | ????????????????????? ???????????????????????? | | ????????????????????? ???????????????????????? | | ??????????????????????????????????????????????? | | ??????????????????????????????????????????????? | | ??????????????????????????????????????????????? | | ??????????????????????????????????????????????? | | ??????????????????????????????????????????????? | | ??????????????????????????????????????????????? | +----------------------------------------------------+ Best States ------------- Heat Dissipation 28 Energy Generation 10 Energy Capacity 250 Matter Stores 284 Matter Capacity 500 Sight Range 16 Terrain Scan Density 10 Evasion (%) 53 Targeting Accuracy 6 Item Schematics ----------------- None Robot Schematics ------------------ None Fabricated ------------ Nothing Repaired ---------- Nothing Alien Tech Used ----------------- None Achievements -------------- None Challenges ------------ None Game ------ Seed NullLightpackStripper Manual? 0 Play Time 00:10:45 Cumulative 18.7 hours Start 2025.08.24 @ 14:34:45 End 2025.08.24 @ 14:45:58 Sessions 1 Manual Loads 0 Difficulty Rogue Special Mode None Game No. 59 Rogue 59 Adventurer 0 Explorer 0 Win Type - Total 0 Types 0/0/0/0/0/0/0/0/0/0 Lore% 10 Gallery% 23 Achievement% 23 Wizard Run 0 Options --------- Layout 1 ASCII 0 Keyboard 1 Movement Vi Keybinds 0 Fullscreen 1 Font 16/SmallcapsGlow Map View 55x38 Zoom Use 0% Tactical HUD 1 Map Filters NONE Filters NONE Steam 1 RUN: 13711ddf-bebb-47df-b5e5-785955b14dd0